 Dungeon Crawl Stone Soup version 0.27-a0-1200-g94dc6ad4cf (webtiles) character file.

Game seed: 13696917146948357424

1720 coolguy69 the Sneak (level 9, -3/47 HPs)
             Began as a Vine Stalker Monk on May 31, 2021.
             Was a Priest of Okawaru.
             Slain by an eight-headed hydra (8 damage)
             ... on level 7 of the Dungeon.
             The game lasted 00:11:53 (7306 turns).

coolguy69 the Sneak (Vine Stalker Monk)             Turns: 7306, Time: 00:11:55

Health: -3/47      AC:  9    Str: 17    XL:     9   Next: 4%
Magic:  0/10       EV: 14    Int: 10    God:    Okawaru [***...]
Gold:   180        SH:  0    Dex: 17    Spells: 8/8 levels left

rFire    . . .     SeeInvis .   r - +2 dagger (venom)
rCold    . . .     Faith    .   (no shield)
rNeg     . . .     Spirit   +   d - +0 leather armour {Will+}
rPois    .         Reflect  .   w - +1 helmet
rElec    .         Harm     .   e - +0 cloak
rCorr    .         Rampage  .   b - +0 pair of gloves
Will     ++...                  v - +0 pair of boots
Stlth    +++.......             (no amulet)
HPRegen  1.15/turn              (no ring)
MPRegen  0.12/turn              (no ring)

@: studying Air Magic
A: fangs 3, regeneration 1, magic shield, antimagic bite, no potion heal 2
a: Renounce Religion, Heroism


You were on level 7 of the Dungeon.
You worshipped Okawaru.
Okawaru was most pleased with you.
You visited 2 branches of the dungeon, and saw 8 of its levels.

You collected 342 gold pieces.
You spent 162 gold pieces at shops.

Inventory:

Hand Weapons
 a - a +0 vampiric short sword
 g - a +1 short sword of draining
 r - a +2 dagger of venom (weapon)
Missiles
 t - a throwing net (quivered)
Armour
 b - a +0 pair of gloves (worn)
 d - a +0 leather armour of willpower (worn)
 e - a +0 cloak (worn)
 v - a +0 pair of boots (worn)
 w - a +1 helmet (worn)
Jewellery
 x - a ring of magical power
Wands
 l - a wand of paralysis (5)
 u - a wand of mindburst (6)
 z - a wand of acid (6)
Scrolls
 o - 4 scrolls of teleportation
 p - a scroll of brand weapon
 q - a scroll of noise
 y - a scroll of immolation {unknown}
Potions
 c - 3 potions of flight {unknown}
 f - a potion of heal wounds {unknown}
 h - a potion of resistance
 i - 2 potions of lignification {unknown}
 j - a potion of might
 k - a potion of invisibility
 m - 4 potions of curing
 n - a potion of mutation
 s - 2 potions of brilliance


   Skills:
 + Level 5.1 Fighting
 + Level 6.1 Short Blades
 + Level 3.7 Armour
 + Level 4.6 Dodging
 + Level 6.5 Stealth


You had 8 spell levels left.
You didn't know any spells.
Your spell library contained the following spells:

 Spells                   Type           Power      Damage    Failure   Level
 Animate Skeleton         Necr           0%         N/A       41%         1
 Apportation              Tloc           0%         N/A       41%         1
 Corona                   Hex            0%         N/A       41%         1
 Sting                    Tmut/Pois      0%         1d3       41%         1
 Summon Small Mammal      Summ           0%         N/A       41%         1
 Poisonous Vapours        Pois/Air       0%         N/A       56%         2
 Static Discharge         Conj/Air       0%         N/A       56%         2
 Ignite Poison            Fire/Tmut/Pois 0%         N/A       80%         3
 Mephitic Cloud           Conj/Pois/Air  0%         N/A       80%         3
 Tukima's Dance           Hex            0%         N/A       80%         3
 Olgreb's Toxic Radiance  Pois           0%         N/A       99%         4
 Summon Mana Viper        Hex/Summ       0%         N/A       100%        5


Dungeon Overview and Level Annotations

Branches:
Dungeon (7/15)             Temple (1/1) D:5

Altars:
Cheibriados
Dithmenos
Elyvilon
Gozag
Hepliaklqana
Makhleb
Nemelex Xobeh
Okawaru
Qazlal
Uskayaw
Vehumet
Wu Jian
Xom
Yredelemnul
The Shining One

Shops:
D:2 **([


Innate Abilities, Weirdness & Mutations

You have razor-sharp teeth.
Your natural rate of healing is unusually fast.
When hurt, damage is shared between your health and your magic reserves.
Your bite disrupts and absorbs the magic of your enemies.
Potions cannot restore your health.


Message History

You barely miss the hornet zombie. You bite the hornet zombie.
You destroy the hornet zombie!
Okawaru accepts your kill.
You have reached level 9!
Your experience leads to an increase in your attributes!
Increase (S)trength, (I)ntelligence, or (D)exterity?
You feel agile.
Key pressed, stopping explore.
No target in view!
Key pressed, stopping explore.
No target in view!
Key pressed, stopping explore.
No target in view!
HP restored.
You now have 166 gold pieces (gained 14).
You now have 180 gold pieces (gained 14).
Found 18 arrows.
No target in view!
An eight-headed hydra comes into view.
Found 20 stones.
An eight-headed hydra is nearby!
An eight-headed hydra is nearby!
An eight-headed hydra is nearby!
An eight-headed hydra is nearby!
The eight-headed hydra roars!
The eight-headed hydra bites you. x2
The eight-headed hydra barely misses you.
The eight-headed hydra bites you. The eight-headed hydra bites you!
The eight-headed hydra misses you.
The eight-headed hydra bites you but does no damage.
The eight-headed hydra closely misses you.
You see here 20 stones.
Found a dagger.
The eight-headed hydra bites you!
The eight-headed hydra bites you but does no damage.
The eight-headed hydra bites you. The eight-headed hydra bites you! x2
* * * LOW HITPOINT WARNING * * *
The eight-headed hydra barely misses you.
The eight-headed hydra bites you!
You die...

..# ..## ### ###
...## #.# #.#
....###.# ### #(#
.....#..# #$) +
#.# .....#.## (?
#.#.# .......#
#####.#.# ......##
#...#...#
......#######
#@###.#
###.<........
#.D...#
##......#####
#.#.### #.......#
#.#.#.# ........#
#.#.#.# ........#
..#.#.# ........#
###.#.##..........
........#
#...##..........
........#
###.##..........


You could see an eight-headed hydra.

Vanquished Creatures
  A hornet zombie (D:7)
  An ice beast (D:5)
  A necrophage (D:6)
  A centaur (D:6)
  3 bullfrogs
  A gnoll sergeant (D:6)
  A scorpion (D:6)
  A wyvern zombie (D:7)
  A water moccasin skeleton (D:4)
  3 orc priests
  A bullfrog skeleton (D:6)
  2 jellies
  A hound (D:5)
  A gnoll shaman (D:6)
  Jessica (D:3)
  2 centaur skeletons
  Ijyb (D:3)
  Terence (D:3)
  A scorpion zombie (D:5)
  Natasha (thrice) (D:4)
  3 iguanas
  4 orc wizards
  10 gnolls
  4 adders
  2 white imps
  2 ufetubi
  An adder zombie (D:5)
  An adder skeleton (D:4)
  5 worms
  2 dart slugs (D:2)
  26 orcs
  5 ball pythons
  10 endoplasms
  4 giant cockroaches
  8 goblins
  8 hobgoblins
  3 jackals
  4 quokkas
  6 bats
  2 frilled lizards (D:1)
  7 kobolds
  A quokka skeleton (D:4)
  6 rats
152 creatures vanquished.

Vanquished Creatures (others)
  2 plants (D:3)
2 creatures vanquished.

Grand Total: 154 creatures vanquished

Notes
Turn   | Place    | Note
-------+----------+-------------------------------------------
     0 | D:1      | coolguy69 the Vine Stalker Monk began the quest for the
                  | Orb.
     0 | D:1      | Reached XP level 1. HP: 11/11 MP: 2/2
   345 | D:1      | Reached XP level 2. HP: 13/16 MP: 1/3
  1343 | D:1      | Identified the Almanac of Mezcal
  1557 | D:1      | Reached XP level 3. HP: 17/18 MP: 4/4
  1853 | D:2      | Found Xeillyf's Assorted Antiques.
  1968 | D:2      | Found Medutoko's Weapon Shoppe.
  2299 | D:2      | Found Ecim's Armour Shoppe.
  2540 | D:2      | Found Icweosch's General Store.
  2626 | D:2      | Gained mutation: Your natural rate of healing is unusually
                  | fast. [Vine Stalker growth]
  2626 | D:2      | Reached XP level 4. HP: 24/24 MP: 5/5
  2900 | D:3      | Noticed Terence
  2904 | D:3      | Noticed Ijyb
  2904 | D:3      | Paralysed by Ijyb for 5 turns
  2915 | D:3      | Killed Ijyb
  2944 | D:3      | Killed Terence
  2945 | D:3      | Reached XP level 5. HP: 18/28 MP: 4/6
  2987 | D:3      | Noticed Jessica
  2994 | D:3      | Killed Jessica
  3581 | D:4      | Reached skill level 1 in Armour
  3609 | D:4      | Noticed Natasha
  3622 | D:4      | Killed Natasha
  3623 | D:4      | Reached XP level 6. HP: 32/32 MP: 7/7
  3666 | D:4      | Noticed Natasha
  3700 | D:4      | Killed Natasha
  3701 | D:4      | Reached skill level 5 in Stealth
  3829 | D:4      | Noticed Natasha
  4085 | D:4      | Killed Natasha
  4086 | D:4      | Reached XP level 7. HP: 27/36 MP: 3/8
  4513 | D:4      | Found a shimmering altar of Xom.
  4556 | D:5      | Entered Level 5 of the Dungeon
  4664 | D:5      | Found a staircase to the Ecumenical Temple.
  4676 | Temple   | Entered the Ecumenical Temple
  4709 | Temple   | Became a worshipper of Warmaster Okawaru
  4709 | Temple   | Reached * piety under Okawaru
  4709 | Temple   | Reached ** piety under Okawaru
  5028 | D:5      | Gained mutation: You have razor-sharp teeth. [Vine Stalker
                  | growth]
  5028 | D:5      | Reached XP level 8. HP: 38/42 MP: 7/9
  5145 | D:5      | Noticed an air elemental
  5147 | D:5      | Found a stormy altar of Qazlal.
  5149 | D:5      | Noticed a water elemental
  5309 | D:6      | Reached skill level 5 in Short Blades
  5323 | D:6      | Reached *** piety under Okawaru
  5357 | D:6      | Found a basalt altar of Yredelemnul.
  5432 | D:6      | Found a white marble altar of Elyvilon.
  5980 | D:6      | Found a snail-covered altar of Cheibriados.
  6545 | D:2      | Bought a +0 cloak for 54 gold pieces
  6598 | D:2      | Bought a pair of boots for 108 gold pieces
  6829 | D:7      | Found an ornate altar of the Wu Jian Council.
  6911 | D:7      | Reached skill level 5 in Fighting
  7190 | D:7      | Reached XP level 9. HP: 25/47 MP: 10/10
  7291 | D:7      | Noticed an eight-headed hydra
  7306 | D:7      | Slain by an eight-headed hydra

Illustrated notes

Levels and vault maps discovered:
D:1:      ebering_trefoil_twist, layout_loops_cross,
          chequers_serial_rivers_small_b, minmay_small_reverse_x
D:2:      layout_basic, serial_shops, nicolae_shop_waterfront,
          nicolae_shop_temple_entry_statues_fountains,
          nicolae_shop_temple_entry_statues_fountains, shop,
          supply_closet_lemuel, corexii_corridor_pit, eino_tiny_chamber
D:3:      layout_loops_cross, serial_bayou, serial_bayou_lagoon_b,
          serial_bayou_pond_d, serial_bayou_shore_b, serial_bayou_pond_e,
          minmay_cupped, uniq_jessica, uniq_terence, uniq_ijyb
D:4:      layout_cave_pools, lemuel_coloured_pillars_altar, minmay_manual_moon,
          uniq_natasha
D:5:      layout_basic, nicolae_qazlal_style_of_elements, temple_green
D:6:      layout_loops_ring, slow_altar_2, overflow_temple_1_default,
          lemuel_crystal_altar
D:7:      layout_cave_pods, old_standard_altar, minmay_splitting_lines,
          wad_mini_maze
Temple:   eino_temple_lava

Skill      XL: |  1  2  3  4  5  6  7  8 |
---------------+-------------------------+-----
Short Blades   | 3 4 6 |  6.1
Fighting       | 3 4 5 |  5.1
Stealth        | 3 4 5 6 |  6.5
Dodging        | 3 4 |  4.6
Armour         | 1 2 3 |  3.7

Action                   |  1- 3 |  4- 6 |  7- 9 || total
-------------------------+-------+-------+-------++-------
Melee: Short sword       |    90 |    91 |       ||   181
       Bite              |    18 |    45 |   126 ||   189
       Dagger            |       |    75 |   313 ||   388
  Use: Scroll            |     2 |       |    14 ||    16
 Stab: Sleeping          |     7 |     7 |     4 ||    18
Armor: Robe              |    15 |       |       ||    15
       Leather armour    |       |    34 |    72 ||   106
Dodge: Dodged            |    34 |   102 |   175 ||   311

Table legend: (Time is in decaauts)
 A = Elapsed time spent in this place.
 B = Non-inter-level travel time spent in this place.
 C = Inter-level travel time spent in this place.
 D = Time resting spent in this place.
 E = Time spent auto-exploring this place.
 F = Levels seen in this place.
 G = Mean time per level.
                   A        B        C        D        E       F      G
               +--------+--------+--------+--------+--------+-----+--------+
         Total |   7235 |   6663 |    572 |    731 |   4596 |   8 |  904.4 |
       Dungeon |   7194 |   6629 |    565 |    731 |   4596 |   7 | 1027.7 |
        Temple |     40 |     33 |      7 |      0 |      0 |   1 |   40.0 |
               +--------+--------+--------+--------+--------+-----+--------+

Top non-repeatable levels by time:
     D:1: 1744 daAuts
     D:2: 1166 daAuts
     D:3: 1047 daAuts
     D:6: 1042 daAuts
     D:5: 835 daAuts
     D:4: 794 daAuts
     D:7: 565 daAuts
  Temple: 40 daAuts
